 Dungeon Crawl Stone Soup version 0.32-a0-42-ga30500b4d3 (webtiles) character file.

Game seed: 15372687623141800055

7 kae the Changeling (level 1, -1/15 HPs)
             Began as a Demonspawn Shapeshifter on Feb 1, 2024.
             Slain by a jackal (2 damage)
             ... on level 1 of the Dungeon.
             The game lasted 00:00:29 (163 turns).

kae the Changeling (Demonspawn Shapeshifter)         Turns: 163, Time: 00:00:30

Health: -1/15      AC:  2    Str: 14    XL:     1   Next: 91%
Magic:  1/1        EV: 12    Int: 10    God:
Gold:   4          SH:  0    Dex: 12    Spells: 0/0 levels left

rFire   . .          .
                       - Unarmed
rCold   . . .        (no shield)
rNeg    . . .        a - +0 animal skin
rPois   .            (helmet currently unavailable)
rElec   .            (cloak currently unavailable)
rCorr   .            (gloves currently unavailable)
SInv    .            (boots currently unavailable)
Will    .....        (no amulet)
Stlth   +            (no ring)
HPRegen 0.22/turn    (no ring)
MPRegen 0.07/turn

%: no passive effects
@: beast-form
A: beast (slay +1)
a: Begin Untransformation


You were on level 1 of the Dungeon.
You were a hulking beast.
You visited 1 branch of the dungeon, and saw 1 of its levels.

You collected 4 gold pieces.


   Skills:
 + Level 1.2 Fighting
 - Level 1.7 Dodging
 + Level 2.8 Unarmed Combat
 * Level 2.9 Shapeshifting


You couldn't memorise any spells.
You didn't know any spells.
Your spell library contained the following spells:

 Spells                   Type           Power      Damage    Failure   Level
 Call Canine Familiar     Summ           0%         N/A       75%         3
 Sigil of Binding         Hex            0%         N/A       75%         3
 Dimensional Bullseye     Hex/Tloc       0%         N/A       98%         4

Inventory:

Missiles
 e - 5 javelins (quivered)
 f - a stone
Armour
 a - a +0 animal skin (worn)
 h - a +0 cloak
   (You found it on level 1 of the Dungeon)
Talismans
 c - a beast talisman
 d - a flux talisman
Scrolls
 g - a scroll of identify {unknown}
Potions
 b - a potion of lignification {!q}

Dungeon Overview and Level Annotations

Branches:
Dungeon (1/15) Zot: 5837

Altars:

#.... .... .... #..
#.. #.# ###.
#############†##.....
#..........##hh..#
#..........##..###
#..............#
#..........## ###
#####...##### ..##
#.....#.# ...#
#.#..##.# ...#
#.##....# ...#
#.#.#...#


You could see a jackal.


Message History

You closely miss the hobgoblin. The hobgoblin barely misses you.
You hit the hobgoblin but do no damage. The hobgoblin hits you.
You barely miss the hobgoblin. The hobgoblin hits you.
The goblin hits you with a +0 dagger.
* * * LOW HITPOINT WARNING * * *
You are too injured to fight recklessly! 😨 HP[-5]
You take 5 damage, and now have 7/15 hp.
MASSIVE DAMAGE!! (PAUSE)
You hit the hobgoblin.
You kill the hobgoblin!
The goblin closely misses you.
You hit the hobgoblin. The hobgoblin closely misses you. The goblin misses you.
You hit the hobgoblin. The goblin hits you but does no damage.
The hobgoblin misses you. 😮 HP[+1]
You closely miss the hobgoblin. The goblin hits you but does no damage.
The hobgoblin closely misses you.
You closely miss the hobgoblin. You hit the hobgoblin.
You kill the hobgoblin!
The goblin hits you with a +0 dagger.
* * * LOW HITPOINT WARNING * * *
😨 HP[-1]
You take 1 damage, and now have 7/15 hp.
You closely miss the goblin. The goblin hits you with a +0 dagger.
* * * LOW HITPOINT WARNING * * *
😨 HP[-3]
You take 3 damage, and now have 4/15 hp.
You punch the goblin!
You kill the goblin! 😨 HP[+1]
You see here a +0 dagger.
f - a stone
Items here: )) ††.
You see here a +0 cloak.
g - a scroll labelled BILITHA FERUY 😎 HP[+10]
Your hp is fully restored (15).
You see here a +0 cloak.
h - a +0 cloak
Okay, then. 2 jackals come into view.
No reachable target in view!
No reachable target in view!
The jackal barks!
The teleport trap disappears.
The jackal disappears!
A jackal comes into view.
The jackal closely misses you.
You closely miss the jackal.
The jackal barks!
A bat comes into view.
You hit the jackal but do no damage.
The jackal bites you but does no damage.
An endoplasm comes into view.
The jackal bites you. 😕 HP[-1]
You take 1 damage, and now have 14/15 hp.
You closely miss the jackal. The jackal misses you. The jackal bites you.
The jackal completely misses you.
You hit the jackal.
The jackal bites you but does no damage.
The jackal closely misses you. 😮 HP[-3]
You take 3 damage, and now have 11/15 hp.
You hit the jackal. The jackal closely misses you.
The jackal barely misses you. x2
You hit the jackal.
You kill the jackal!
The bat barely misses you. The jackal closely misses you. The bat hits you.
You hit the bat.
You kill the bat!
The jackal barely misses you. The jackal closely misses you.
You completely miss the endoplasm. The jackal closely misses you.
The endoplasm closely misses you.
Unknown command.
You barely miss the endoplasm. The jackal bites you.
The endoplasm hits you but does no damage.
The jackal bites you but does no damage.
You are too injured to fight recklessly! 😮 HP[-1]
You take 1 damage, and now have 10/15 hp.
You are too injured to fight recklessly!
You are too injured to fight recklessly!
You hit the jackal.
The jackal bites you but does no damage.
The endoplasm hits you.
You hit the endoplasm. The jackal bites you. The endoplasm freezes you.
You are frozen.
* * * LOW HITPOINT WARNING * * *
😨 HP[-6]
You take 6 damage, and now have 4/15 hp.
MASSIVE DAMAGE!! (PAUSE)
You hit the endoplasm.
You kill the endoplasm!
The jackal bites you.
* * * LOW HITPOINT WARNING * * *
The jackal bites you.
You die...

Action                     || total
---------------------------++-------
  Melee: Unarmed           ||    32
 Armour: Animal skin       ||    22
  Dodge: Dodged            ||    25

Levels and vault maps discovered:
D:1:      giann_wishing_wells, layout_basic, minmay_tetromino_t2

Notes
Turn   | Place    | Note
-------+----------+-------------------------------------------
     0 | D:1      | kae the Demonspawn Shapeshifter began the quest for the
                  | Orb.
     0 | D:1      | Reached XP level 1. HP: 15/15 MP: 1/1
     0 | D:1      | magus.rc [v1.11.3]
    65 | D:1      | You pick up a book of the Hunter and begin reading...
    65 | D:1      | You add the spells Sigil of Binding, Call Canine Familiar
                  | and Dimensional Bullseye to your library.
   163 | D:1      | HP: 1/15 [jackal (3)]
   163 | D:1      | Slain by a jackal

Vanquished Creatures
  An endoplasm (D:1)
  2 hobgoblins (D:1)
  A jackal (D:1)
  A ball python (D:1)
  A bat (D:1)
  2 goblins (D:1)
  A kobold (D:1)
9 creatures vanquished.

Table legend:
 A = Non-vault XP
 B = Vault XP
 C = Vault XP percentage of total XP
 D = Non-vault monster count
 E = Vault monster count
 F = Vault count percentage of total count
                 A         B        C        D         E       F
            +---------+---------+-------+---------+---------+-------
      Total |      11 |       2 |  15.4 |       7 |       2 |  22.2
            +---------+---------+-------+---------+---------+-------
        D:1 |      11 |       2 |  15.4 |       7 |       2 |  22.2
            +---------+---------+-------+---------+---------+-------

Action                     || total
---------------------------++-------
  Melee: Unarmed           ||    32
 Armour: Animal skin       ||    22
  Dodge: Dodged            ||    25

Illustrated notes

Table legend:
 A = Kills in this place as a percentage of kills in the entire game.
 B = Kills by you in this place as a percentage of kills by you in the entire game.
 C = Kills by friends in this place as a percentage of kills by friends in the entire game.
 D = Other kills in this place as a percentage of other kills in the entire game.
 E = Experience gained in this place as a percentage of experience gained in the entire game.
 F = Experience gained in this place divided by the number of levels of this place that you have seen.
                   A       B       C       D       E      F
               +-------+-------+-------+-------+-------+----------------------
         Total | 100.0 | 100.0 |   N/A |   N/A | 100.0 |  13.0
       Dungeon | 100.0 | 100.0 |   N/A |   N/A | 100.0 |  13.0
               +-------+-------+-------+-------+-------+----------------------

Table legend: (Time is in decaauts)
 A = Elapsed time spent in this place.
 B = Non-inter-level travel time spent in this place.
 C = Inter-level travel time spent in this place.
 D = Time resting spent in this place.
 E = Time spent auto-exploring this place.
 F = Levels seen in this place.
 G = Mean time per level.
                   A        B        C        D        E       F      G
               +--------+--------+--------+--------+--------+-----+--------+
         Total |    161 |    161 |      0 |      0 |    112 |   1 |  161.0 |
       Dungeon |    161 |    161 |      0 |      0 |    112 |   1 |  161.0 |
               +--------+--------+--------+--------+--------+-----+--------+

Top non-repeatable levels by time:
     D:1: 161 daAuts
